 Dungeon Crawl Stone Soup version 0.27-a0-1308-gc08437e49b (webtiles) character file.

Game seed: 975852737119992794

2 flotson the Sneak (level 1, -3/18 HPs)
             Began as a Demonspawn Delver on June 18, 2021.
             Killed by divine providence
             ... invoked by an orc priest
              (14 damage)
             ... on level 3 of the Dungeon.
             The game lasted 00:00:18 (217 turns).

flotson the Sneak (Demonspawn Delver)                Turns: 217, Time: 00:00:20

Health: -3/18      AC:  3    Str: 12    XL:     1   Next: 33%
Magic:  1/1        EV: 11    Int: 11    God:
Gold:   18         SH:  0    Dex: 14    Spells: 0/0 levels left

rFire    . . .     SeeInvis .   a - +0 hand axe
rCold    . . .     Faith    .   (no shield)
rNeg     . . .     Spirit   .   b - +0 leather armour
rPois    .         Reflect  .   (no helmet)
rElec    .         Harm     .   (no cloak)
rCorr    .         Rampage  .   (no gloves)
Will     .....                  (no boots)
Stlth    ++........             (no amulet)
HPRegen  0.06/turn              (no ring)
MPRegen  0.07/turn              (no ring)

@: no status effects
A: no striking features
a: no special abilities


You were on level 3 of the Dungeon.
You visited 1 branch of the dungeon, and saw 3 of its levels.

You collected 18 gold pieces.

Inventory:

Hand Weapons
 a - a +0 hand axe (weapon)
Armour
 b - a +0 leather armour (worn)
Wands
 g - a wand of digging (3)
Scrolls
 c - a scroll of fog
 d - a scroll of magic mapping
 e - a scroll of fear
 h - a scroll of enchant armour {unknown}
Potions
 f - a potion of haste


   Skills:
 + Level 3.0 Fighting
 + Level 1.8 Axes
 + Level 0.1 Armour
 + Level 1.8 Dodging
 - Level 4.5 Stealth


You couldn't memorise any spells.
You didn't know any spells.
Your spell library was empty.

Dungeon Overview and Level Annotations

Branches:
Dungeon (5/15)
 Temple: D:4-7

Altars:


Message History

HP restored.
There is a stone staircase leading down here.
An endoplasm comes into view.
The endoplasm quivers.
The endoplasm hits you.
You hit the endoplasm.
You kill the endoplasm!
No target in view!
No target in view!
No target in view!
No target in view!
No target in view!
You now have 18 gold pieces (gained 11).
A goblin comes into view. It is wielding a +0 club.
The goblin unwields a +0 club.
The goblin wields a +0 hunting sling.
The goblin shoots a stone.
The stone hits you.
Found a stone staircase leading up.
The goblin shoots a stone.
The stone hits you.
An endoplasm and an orc priest come into view.
The orc priest shouts!
You hear a shout!
The goblin shoots a stone.
The stone barely misses you.
An orc comes into view. It is wielding a +0 short sword.
An orc comes into view. It is wielding a +0 club.
A ball python and a giant cockroach come into view.
The goblin unwields a +0 hunting sling.
The goblin wields a +0 club.
The goblin hits you but does no damage.
You miss the goblin. The goblin barely misses you.
An orc priest comes into view. It is wielding a +0 club.
You barely miss the goblin. The goblin closely misses you.
The goblin barely misses you.
The ball python hisses angrily.
The orc priest shouts!
The orc shouts!
You hit the goblin but do no damage. The goblin closely misses you.
The orc priest hits you with a +0 hand axe.
You hit the orc priest but do no damage.
You hit the orc. You hit the goblin.
You kill the goblin!
The orc priest mumbles some strange prayers to Beogh against you.
Beogh smites you!
Ouch! That really hurt!
You die...

..............
......J......
.....o.....#
.###.....o...# ###
....................##.#
#.######.##.............#
##.# ##...#...#######
...# .....#...# ####
..#.......#


You could see 2 orc priests, 2 orcs, an endoplasm, a giant cockroach and a ball
python.

Vanquished Creatures
  An endoplasm (D:3)
  A ball python (D:4)
  2 goblins
4 creatures vanquished.

Notes
Turn   | Place    | Note
-------+----------+-------------------------------------------
     0 | D:5      | flotson the Demonspawn Delver began the quest for the Orb.
     0 | D:5      | Reached XP level 1. HP: 18/18 MP: 1/1
   212 | D:3      | Noticed an orc priest
   214 | D:3      | Noticed an orc priest
   217 | D:3      | Killed from afar by an orc priest

Illustrated notes

Levels and vault maps discovered:
D:3:      layout_loops_cross
D:4:      minmay_wonky_spiral, layout_basic, old_standard_altar
D:5:      layout_layer_cave, lemuel_temple_firewalk_b,
          ebering_ghost_reflecting_pool, corexii_item_surrounded_by_moat,
          corexii_item_surrounded_by_moat, kennysheep_generic_room_14

Action                   || total
-------------------------++-------
Melee: Hand axe          ||     9
Armor: Leather armour    ||     2
Dodge: Dodged            ||     6

Table legend: (Time is in decaauts)
 A = Elapsed time spent in this place.
 B = Non-inter-level travel time spent in this place.
 C = Inter-level travel time spent in this place.
 D = Time resting spent in this place.
 E = Time spent auto-exploring this place.
 F = Levels seen in this place.
 G = Mean time per level.
                   A        B        C        D        E       F      G
               +--------+--------+--------+--------+--------+-----+--------+
         Total |    218 |    218 |      0 |     36 |    129 |   3 |   72.7 |
       Dungeon |    218 |    218 |      0 |     36 |    129 |   3 |   72.7 |
               +--------+--------+--------+--------+--------+-----+--------+

Top non-repeatable levels by time:
     D:3: 170 daAuts
     D:5: 31 daAuts
     D:4: 16 daAuts
